 Dungeon Crawl Stone Soup version 0.30.0-30-g96aa6591b8 (webtiles) character file.

Game seed: 11795057881615543928

255856 AIAndy the Impaler (level 19, -3/147 (152) HPs)
             Began as a Gnoll Wanderer on June 25, 2023.
             Was a High Priest of Okawaru.
             Slain by a +2 scimitar of electrocution (14 damage)
             ... on level 2 of the Elven Halls on June 28, 2023.
             The game lasted 05:49:37 (37136 turns).

AIAndy the Impaler (Gnoll Wanderer)                Turns: 37136, Time: 05:49:37

HP:   -3/147 (152)  AC: 30    Str: 18    XL:     19   Next: 79%
MP:   24/36         EV: 22    Int: 12    God:    Okawaru [*****.]
Gold: 1137          SH: 19    Dex: 17    Spells: 17/45 levels left

rFire   + + .        R - +8 morningstar of Kyn Iffyza {flame, rElec Str+3}
rCold   + . .        W - +0 tower shield {AC+3}
rNeg    . . .        U - +5 ring mail "Umatem" {SInv}
rPois   +            L - +0 helmet "Cayd" {rF++ Regen+ Int-5 Dex+3}
rElec   +            o - +2 cloak {Stlth+}
rCorr   +            j - +2 pair of gloves
SInv    +            Q - +0 pair of boots
Will    ++++.        N - amulet "Vikkuyg" {Fragile rPois Will+++ Regen+}
Stlth   ++++++       g - ring "Esecal" {rC++ rCorr EV+5}
HPRegen 2.04/turn    s - ring of Nara Nua {Fly rElec rC- AC+4 Int+3}
MPRegen 0.25/turn

%: no passive effects
@: lethally poisoned (-3 -> -4), flying, lightly drained
A: fangs 1, strong nose, distributed training
}: 2/15 runes: decaying, serpentine
a: Renounce Religion, Heroism, Finesse, Duel


You were on level 2 of the Elven Halls.
You worshipped Okawaru.
Okawaru was extremely pleased with you.
You visited 6 branches of the dungeon, and saw 32 of its levels.

You collected 3322 gold pieces.
You spent 2185 gold pieces at shops.

Inventory:

Hand Weapons
 i - the +4 flail of Kismet {pain, rF+ SInv}
   (You bought it in a shop on level 4 of the Snake Pit)

   rF:        It protects you from fire.
   SInv:      It lets you see invisible.
 R - the +8 morningstar of Kyn Iffyza (weapon) {flame, rElec Str+3}
   (You found it on level 4 of the Snake Pit)

   Str:       It affects your strength (+3).
   rElec:     It insulates you from electricity.
Missiles
 a - 9 datura-tipped darts
 b - 6 javelins (quivered)
 q - 42 poisoned darts
 r - 2 boomerangs of dispersal
 t - 6 boomerangs
 v - 4 curare-tipped darts
 D - 7 atropa-tipped darts
 S - a silver boomerang
Armour
 j - a +2 pair of gloves (worn)
 o - a +2 cloak of stealth (worn)
 L - the +0 helmet "Cayd" (worn) {rF++ Regen+ Int-5 Dex+3}
   (Okawaru gifted it to you on level 4 of the Snake Pit)

   Int:       It affects your intelligence (-5).
   Dex:       It affects your dexterity (+3).
   rF:        It greatly protects you from fire.
   Regen:     It increases your rate of health regeneration.
 Q - a +0 pair of boots (worn)
 U - the +5 ring mail "Umatem" (worn) {SInv}
   (Okawaru gifted it to you on level 4 of the Lair of Beasts)

   SInv:      It lets you see invisible.
 W - a +0 tower shield of protection (worn)
Jewellery
 g - the ring "Esecal" (left hand) {rC++ rCorr EV+5}
   (You took it off a kobold on level 3 of the Dungeon)

   [ring of evasion]

   EV:        It affects your evasion (+5).
   rC:        It greatly protects you from cold.
   rCorr:     It protects you from acid and corrosion.
 s - the ring of Nara Nua (right hand) {Fly rElec rC- AC+4 Int+3}
   (You found it on level 13 of the Dungeon)

   [ring of protection]

   AC:        It affects your AC (+4).
   Int:       It affects your intelligence (+3).
   rC:        It makes you vulnerable to cold.
   rElec:     It insulates you from electricity.
   Fly:       It grants you flight.
 C - a ring of wizardry
 N - the amulet "Vikkuyg" (around neck) {Fragile rPois Will+++ Regen+}
   (You bought it in a shop on level 2 of the Orcish Mines)

   [amulet of regeneration]

   rPois:     It protects you from poison.
   Regen:     It increases your rate of health regeneration.
   Fragile:   It will be destroyed if unequipped.
   Will:      It greatly increases your willpower.
 Z - the ring of Descent {+Blink rF+ MP+9 Str+2 Dex+2}
   (You bought it in a shop on level 2 of the Orcish Mines)

   [ring of magical power]

   Str:       It affects your strength (+2).
   Dex:       It affects your dexterity (+2).
   rF:        It protects you from fire.
   MP:        It affects your magic capacity (+9).
   +Blink:    It lets you blink.
Wands
 m - a wand of flame (34)
 A - a wand of acid (1)
 H - a wand of mindburst (28)
 O - a wand of iceblast (8)
 P - a wand of paralysis (32)
Scrolls
 h - 3 scrolls of fear
 l - 14 scrolls of identify
 u - 11 scrolls of teleportation
 w - 4 scrolls of enchant weapon
 y - 2 scrolls of silence
 B - 5 scrolls of fog
 F - 6 scrolls of enchant armour
 J - a scroll of poison
 V - 2 scrolls of amnesia
 X - 2 scrolls of blinking
 Y - 4 scrolls of magic mapping
Potions
 c - 3 potions of brilliance
 e - 2 potions of magic
 f - 3 potions of heal wounds
 n - 3 potions of cancellation
 p - 6 potions of mutation
 x - 2 potions of resistance
 z - 4 potions of invisibility
 G - 11 potions of curing
 I - 6 potions of ambrosia
 K - 3 potions of berserk rage
 M - 6 potions of might
 T - 4 potions of haste
Miscellaneous
 d - a phial of floods
 k - a lightning rod (3/4)
 E - a condenser vane


   Skills:
 + Level 14.0 Fighting
 + Level 13.7 Short Blades
 + Level 13.7 Long Blades
 + Level 13.7 Axes
 + Level 13.7 Maces & Flails
 + Level 16.9 Polearms
 + Level 13.7 Staves
 + Level 13.7 Ranged Weapons
 + Level 13.7 Throwing
 + Level 13.7 Armour
 + Level 13.7 Dodging
 + Level 13.7 Stealth
 + Level 13.7 Shields
 + Level 14.4 Unarmed Combat
 + Level 13.7 Spellcasting
 + Level 11.7 Conjurations
 + Level 11.7 Hexes
 + Level 11.7 Summonings
 + Level 11.7 Necromancy
 + Level 11.7 Translocations
 + Level 11.7 Transmutations
 + Level 11.7 Fire Magic
 + Level 11.7 Ice Magic
 + Level 11.7 Air Magic
 + Level 11.7 Earth Magic
 + Level 11.7 Poison Magic
 + Level 15.1 Invocations
 + Level 14.0 Evocations


You had 17 spell levels left.
You knew the following spells:

 Your Spells              Type           Power      Damage    Failure   Level
a - Dazzling Flash        Conj/Hex       72%        N/A       1%          3
b - Portal Projectile     Hex/Tloc       72%        N/A       1%          3
c - Olgreb's Toxic Radia  Pois           36%        N/A       3%          4
d - Iskenderun's Mystic   Conj/Tloc      36%        2d9       3%          4
e - Flame Wave            Conj/Fire      36%        2d10      3%          4
f - Irradiate             Conj/Tmut      18%        3d17      10%         5
g - Iskenderun's Battles  Conj           36%        2d9       10%         5

Your spell library contained the following spells:

 Spells                   Type           Power      Damage    Failure   Level
 Cigotuvi's Dreadful Rot  Necr/Pois/Air  72%        N/A       1%          2
 Static Discharge         Conj/Air       72%        2-5/arc   1%          2
 Sublimation of Blood     Necr           36%        N/A       1%          2
 Wereblood                Tmut           36%        N/A       1%          2
 Gell's Gravitas          Tloc           36%        N/A       1%          3
 Inner Flame              Hex/Fire       36%        N/A       1%          3
 Teleport Other           Tloc           36%        N/A       1%          3
 Volatile Blastmotes      Fire/Tloc      72%        2d16      1%          3
 Airstrike                Air            18%        2d(3-19)  3%          4
 Dispel Undead            Necr           36%        3d15      3%          4
 Petrify                  Tmut/Erth      36%        N/A       3%          4
 Sticky Flame             Conj/Fire      36%        2d6       3%          4
 Blade Hands              Tmut           18%        N/A       10%         5
 Dispersal                Tloc           18%        N/A       47%         6
 Iron Shot                Conj/Erth      18%        9d4       47%         6
 Starburst                Conj/Fire      18%        6d7       47%         6
 Discord                  Hex            18%        N/A       100%        8
 Ignition                 Fire           18%        3d7       100%        8
 Summon Small Mammal      Summ           Unusable   N/A       N/A         1
 Call Canine Familiar     Summ           Unusable   N/A       N/A         3
 Summon Guardian Golem    Hex/Summ       Unusable   N/A       N/A         3
 Tukima's Dance           Hex            Unusable   N/A       N/A         3
 Summon Lightning Spire   Summ/Air       Unusable   N/A       N/A         4
 Death Channel            Necr           Unusable   N/A       N/A         6
 Spellforged Servitor     Conj/Summ      Unusable   N/A       N/A         7
 Summon Hydra             Summ           Unusable   N/A       N/A         7

Dungeon Overview and Level Annotations

Branches:
Dungeon (15/15)            Temple (0/1) D:7            Lair (5/5) D:11
  Swamp (4/4) Lair:2        Snake (4/4) Lair:2        Slime (0/5) Lair:4
    Orc (2/2) D:10            Elf (2/3) Orc:2        Vaults (0/5) D:13
 Depths: D:15

Altars:
Elyvilon
Gozag
Hepliaklqana
Okawaru
Qazlal
Sif Muna
Vehumet
Jiyva

Shops:
D:7 *   D:8 (   D:10 [   D:12 [   Orc:2 ==[:[   Elf:1 !   Elf:2 ?[!   Snake:4 (

Portals:
Trove: D:11 (give +6 demon trident)

Annotations:
D:15 Azrael, Kirke
Swamp:1 3 runed translucent doors, tectoner's ghost, journeyman TrBe
Elf:1 1 runed translucent door, purpleHaze's ghost, adept TrEE


Innate Abilities, Weirdness & Mutations

You have very sharp teeth.
Your uncanny sense of smell can sniff out nearby items.
Your experience applies equally to all skills.


Message History

The flame wave engulfs the +2 scimitar of electrocution.
The +2 scimitar of electrocution completely resists.
The flame wave engulfs the +2 heavy trident.
The +2 heavy trident resists.
The +2 heavy trident is lightly damaged.
The flame wave engulfs the +3 long sword of electrocution.
The +3 long sword of electrocution completely resists.
You feel very sick.
You block the +2 heavy trident's attack.
You block the +2 flail of protection's attack.
The +2 scimitar of electrocution completely misses you.
You block the +2 dire flail of venom's attack.
The deep elf zephyrmancer gestures wildly while chanting.
The deep elf zephyrmancer blinks!
A deep elf knight comes into view. It is wielding a +0 scimitar.
The +2 flail of protection hits you but does no damage.
A wave of flame ripples out!
The flame wave engulfs the +2 flail of protection.
The +2 flail of protection resists.
The +2 flail of protection is lightly damaged.
The flame wave engulfs the +2 dire flail of venom.
The +2 dire flail of venom completely resists.
The +2 dire flail of venom is lightly damaged.
The flame wave engulfs the +2 scimitar of electrocution but does no damage.
The flame wave engulfs the +2 heavy trident.
The +2 heavy trident resists.
The +2 heavy trident is lightly damaged.
The flame wave engulfs the +3 long sword of electrocution.
The +3 long sword of electrocution completely resists.
You finish channelling waves of flame.
You feel very sick.
You block the +2 dire flail of venom's attack.
The +2 scimitar of electrocution hits you!!
* * * LOW HITPOINT WARNING * * *
The +2 heavy trident hits you from afar!
* * * LOW HITPOINT WARNING * * *
You block the +2 flail of protection's attack.
The +2 dire flail of venom misses you.
The +2 scimitar of electrocution hits you!
You die...

##...###.............#
##[## ##.....#.....##
### ##...#.#...##
####'''####
#####...#####
##...++#))...##
#.....###.)...##
.......)().......
.......@((.......
......))(.......#
....)(.).......##
.............(((#
.................
.................
.............e..
e......(.......


You could see a deep elf knight, a deep elf zephyrmancer and 5 dancing weapons.

Vanquished Creatures
  the Lernaean hydra (Swamp:4)
  A tentacled monstrosity (Swamp:4)
  2 thorn hunters (Swamp:4)
  Agnes (Snake:3)
  2 nagarajas
  Aizul (Snake:3)
  8 eleionomae
  4 bunyips
  The ghost of Duoren the Severer, a journeyman HOMo of Hepliaklqana (D:13)
  A deep elf death mage (Elf:2)
  A shambling mangrove (Swamp:3)
  An ettin (Orc:1)
  2 salamander tyrants (Snake:4)
  18 hydras
  2 ogre magi (Orc:2)
  A ghost crab (Swamp:3)
  6 catoblepae
  4 boulder beetles
  12 two-headed ogres
  16 anacondas
  18 dancing weapons
  8 centaur warriors
  12 death yaks
  14 alligators
  An anaconda (shapeshifter) (D:13)
  16 naga warriors
  An orc high priest (Orc:2)
  22 naga sharpshooters
  13 shock serpents
  12 deep elf knights
  A skyshark (Lair:2)
  An iron troll (Orc:2)
  A death drake (Swamp:2)
  8 salamander mystics
  6 bog bodies
  4 goliath frogs
  9 swamp dragons
  A deep troll (Orc:2)
  8 spriggan druids
  8 deep elf archers
  2 lindwurms (Snake:4)
  24 deep elf zephyrmancers
  5 naga ritualists
  21 deep elf pyromancers
  4 orc knights
  5 mana vipers
  6 cyclopes
  An oklob plant (Lair:3)
  12 ugly things
  An orc sorcerer (Orc:1)
  15 salamanders
  4 will-o-the-wisps (Swamp:1)
  5 manticores
  20 elephants
  9 guardian serpents
  26 black mambas
  Maggie (D:8)
  A gargoyle (D:14)
  Joseph (D:8)
  17 naga magi
  8 cane toads
  An unseen horror (D:10)
  4 rime drakes
  A kobold demonologist (D:12)
  2 efreet
  19 komodo dragons
  A yaktaur (D:15)
  12 trolls
  5 polar bears
  3 tyrant leeches
  16 hornets
  21 blink frogs
  A vampire (D:12)
  2 air elementals (Elf:1)
  A shadow (D:13)
  18 spriggans
  A water elemental (Elf:1)
  2 hogs (D:15)
  A wyvern (D:9)
  A wraith (D:12)
  62 yaks
  4 basilisks
  2 fire elementals (Elf:2)
  A steam dragon (D:7)
  A redback (D:11)
  11 vampire mosquitoes
  13 swamp worms
  35 nagas
  9 water moccasins
  8 swamp drakes
  A hell hound (D:15)
  13 orc warriors
  An ice beast (D:5)
  3 sky beasts
  2 black bears
  3 wolves (Lair:1)
  25 ogres
  3 boggarts (D:15)
  7 centaurs (D:14)
  A phantom (D:5)
  2 kobold brigands (D:12)
  17 bullfrogs
  A scorpion (D:5)
  A gnoll sergeant (D:8)
  5 wights (D:7)
  An earth elemental (Elf:1)
  9 killer bees
  7 howler monkeys
  9 electric eels
  A gnoll bouda (D:10)
  2 hounds
  14 orc priests
  Jessica (D:3)
  6 iguanas
  A sleepcap (D:6)
  Natasha (thrice) (D:3)
  28 orc wizards
  19 gnolls
  6 adders
  A shadow imp (D:6)
  3 white imps
  2 ufetubi
  2 worms (D:2)
  63 orcs
  4 ball pythons
  5 bats
  6 endoplasms
  5 giant cockroaches
  6 goblins
  3 hobgoblins
  9 kobolds
  2 frilled lizards (D:2)
  6 rats
1004 creatures vanquished.

Vanquished Creatures (others)
  A naga warrior (Snake:3)
  A salamander mystic (Snake:4)
  4 deep elf zephyrmancers
  Maurice (D:8)
  A bloated husk (Swamp:4)
  A vampire mosquito (D:13)
  2 swamp worms (Swamp:3)
  2 nagas
  2 orc warriors (D:15)
  10 foxfires (Swamp:1)
25 creatures vanquished.

Grand Total: 1029 creatures vanquished

Notes
Turn   | Place    | Note
-------+----------+-------------------------------------------
     0 | D:1      | Reached skill level 10 in Polearms
     0 | D:1      | AIAndy the Gnoll Wanderer began the quest for the Orb.
     0 | D:1      | AIAndy set off with the following items: a +2 spear, 2
                  | potions of attraction, a wand of flame (4), a +0 robe.
     0 | D:1      | Reached XP level 1. HP: 17/17 MP: 2/2
   360 | D:1      | Reached XP level 2. HP: 22/23 MP: 3/3
  1031 | D:2      | Reached XP level 3. HP: 28/28 MP: 4/4
  1492 | D:3      | Noticed Jessica
  1498 | D:3      | Killed Jessica
  1499 | D:3      | Reached skill level 1 in Short Blades
  1499 | D:3      | Reached skill level 1 in Long Blades
  1499 | D:3      | Reached skill level 1 in Axes
  1499 | D:3      | Reached skill level 1 in Maces & Flails
  1499 | D:3      | Reached skill level 1 in Staves
  1499 | D:3      | Reached skill level 1 in Ranged Weapons
  1499 | D:3      | Reached skill level 1 in Throwing
  1499 | D:3      | Reached skill level 1 in Armour
  1499 | D:3      | Reached skill level 1 in Dodging
  1499 | D:3      | Reached skill level 1 in Stealth
  1499 | D:3      | Reached skill level 1 in Shields
  1499 | D:3      | Reached skill level 1 in Spellcasting
  1499 | D:3      | Reached XP level 4. HP: 34/34 MP: 6/6
  1714 | D:3      | Noticed Natasha
  1720 | D:3      | Killed Natasha
  1721 | D:3      | Reached skill level 1 in Conjurations
  1721 | D:3      | Reached skill level 1 in Hexes
  1721 | D:3      | Reached skill level 1 in Summonings
  1721 | D:3      | Reached skill level 1 in Necromancy
  1721 | D:3      | Reached skill level 1 in Translocations
  1721 | D:3      | Reached skill level 1 in Transmutations
  1721 | D:3      | Reached skill level 1 in Fire Magic
  1721 | D:3      | Reached skill level 1 in Ice Magic
  1721 | D:3      | Reached skill level 1 in Air Magic
  1721 | D:3      | Reached skill level 1 in Earth Magic
  1721 | D:3      | Reached skill level 1 in Poison Magic
  1923 | D:3      | Reached XP level 5. HP: 13/38 MP: 7/7
  2032 | D:3      | Noticed Natasha
  2039 | D:3      | Killed Natasha
  2105 | D:3      | Noticed Natasha
  2112 | D:3      | Killed Natasha
  2114 | D:3      | Identified the ring "Esecal" {rC++ rCorr EV+5}
  2594 | D:4      | Noticed an ogre
  2605 | D:4      | Reached XP level 6. HP: 47/47 MP: 8/8
  2657 | D:4      | Reached skill level 5 in Unarmed Combat
  3039 | D:4      | You fall into a shaft and drop 2 floors!
  3043 | D:6      | Noticed a sky beast
  3044 | D:6      | Noticed a black bear
  3084 | D:6      | Killed a black bear
  3085 | D:6      | Reached XP level 7. HP: 18/52 MP: 10/10
  3273 | D:5      | Entered Level 5 of the Dungeon
  3939 | D:5      | Reached XP level 8. HP: 54/60 MP: 12/12
  4213 | D:5      | Reached skill level 11 in Polearms
  4802 | D:5      | Identified the +0 ring mail of Going Fast {*Corrode rN+
                  | Int+3}
  4928 | D:6      | Reached skill level 5 in Invocations
  5145 | D:6      | Found a hazy altar of Hepliaklqana.
  5146 | D:6      | Found an iron altar of Okawaru.
  5175 | D:6      | Reached XP level 9. HP: 53/66 MP: 14/14
  5182 | D:6      | Became a worshipper of Warmaster Okawaru
  5563 | D:7      | Found a staircase to the Ecumenical Temple.
  5647 | D:7      | Reached skill level 5 in Fighting
  5647 | D:7      | Reached skill level 5 in Evocations
  5965 | D:7      | Found an opulent altar of Gozag.
  5969 | D:7      | Found Gozag's Platinum Reserve.
  6008 | D:7      | Reached * piety under Okawaru
  6394 | D:7      | Identified the +7 dagger "Citog" {speed, rElec rC+}
  6574 | D:8      | Noticed Maggie
  6594 | D:8      | Killed Maggie
  6594 | D:8      | Reached ** piety under Okawaru
  6897 | D:8      | Noticed Joseph
  6934 | D:8      | Noticed a two-headed ogre
  6943 | D:8      | Killed Joseph
  6944 | D:8      | Reached skill level 5 in Short Blades
  6944 | D:8      | Reached skill level 5 in Long Blades
  6944 | D:8      | Reached skill level 5 in Axes
  6944 | D:8      | Reached skill level 5 in Maces & Flails
  6944 | D:8      | Reached skill level 5 in Staves
  6944 | D:8      | Reached skill level 5 in Ranged Weapons
  6944 | D:8      | Reached skill level 5 in Throwing
  6944 | D:8      | Reached skill level 5 in Armour
  6944 | D:8      | Reached skill level 5 in Dodging
  6944 | D:8      | Reached skill level 5 in Stealth
  6944 | D:8      | Reached skill level 5 in Shields
  6944 | D:8      | Reached skill level 5 in Spellcasting
  6944 | D:8      | Reached XP level 10. HP: 56/76 MP: 17/17
  6952 | D:8      | Killed a two-headed ogre
  6952 | D:8      | Reached *** piety under Okawaru
  7301 | D:8      | Found Pufau's Weapon Boutique.
  7501 | D:8      | Noticed Maurice
  7532 | D:8      | Killed Maurice
  7921 | D:9      | Reached **** piety under Okawaru
  8472 | D:9      | Reached skill level 12 in Polearms
  8484 | D:9      | Reached skill level 5 in Conjurations
  8484 | D:9      | Reached skill level 5 in Hexes
  8484 | D:9      | Reached skill level 5 in Summonings
  8484 | D:9      | Reached skill level 5 in Necromancy
  8484 | D:9      | Reached skill level 5 in Translocations
  8484 | D:9      | Reached skill level 5 in Transmutations
  8484 | D:9      | Reached skill level 5 in Fire Magic
  8484 | D:9      | Reached skill level 5 in Ice Magic
  8484 | D:9      | Reached skill level 5 in Air Magic
  8484 | D:9      | Reached skill level 5 in Earth Magic
  8484 | D:9      | Reached skill level 5 in Poison Magic
  8484 | D:9      | Reached XP level 11. HP: 74/83 MP: 17/20
  9182 | D:10     | Entered Level 10 of the Dungeon
  9425 | D:10     | Found Vatenly's Antique Armour Shoppe.
  9594 | D:10     | Noticed a two-headed ogre
  9605 | D:10     | Killed a two-headed ogre
  9817 | D:10     | Reached ***** piety under Okawaru
  9822 | D:10     | Found a staircase to the Orcish Mines.
 10579 | D:11     | Found a portal to a secret trove of treasure.
 10718 | D:11     | Noticed a boulder beetle
 10784 | D:11     | Killed a boulder beetle
 10984 | D:11     | Noticed a manticore
 11012 | D:11     | Killed a manticore
 11279 | D:11     | Noticed Nergalle
 11303 | D:11     | Nergalle changed into Nergalle the redback
 11303 | D:11     | Noticed Nergalle
 11307 | D:11     | Killed Nergalle the redback
 11415 | D:11     | Found a staircase to the Lair.
 11445 | D:11     | Learned a level 3 spell: Dazzling Flash
 11783 | Lair:1   | Entered Level 1 of the Lair of Beasts
 11910 | Lair:1   | Noticed a catoblepas
 11962 | Lair:1   | Received a gift from Okawaru
 12053 | Lair:1   | Reached XP level 12. HP: 85/91 MP: 22/22
 12530 | Lair:1   | Killed a catoblepas
 12530 | Lair:1   | Received a gift from Okawaru
 12642 | Lair:1   | Noticed a catoblepas
 12713 | Lair:1   | Killed a catoblepas
 13267 | Lair:2   | Received a gift from Okawaru
 13458 | Lair:2   | Found a staircase to the Swamp.
 13629 | Lair:2   | Noticed a death yak
 13630 | Lair:2   | Noticed a death yak
 13637 | Lair:2   | Noticed a death yak
 13638 | Lair:2   | Noticed a skyshark
 13641 | Lair:2   | Killed a death yak
 13645 | Lair:2   | Killed a death yak
 13645 | Lair:2   | Received a gift from Okawaru
 13646 | Lair:2   | Killed a skyshark
 13661 | Lair:2   | Killed a death yak
 13770 | Lair:2   | Reached skill level 13 in Polearms
 13811 | Lair:2   | Noticed a four-headed hydra
 13819 | Lair:2   | Killed a four-headed hydra
 14103 | Lair:2   | Learned a level 3 spell: Portal Projectile
 14148 | Lair:2   | Found a staircase to the Snake Pit.
 14304 | Lair:3   | Noticed a four-headed hydra
 14312 | Lair:3   | Killed a four-headed hydra
 14313 | Lair:3   | Reached XP level 13. HP: 99/99 MP: 25/25
 14350 | Lair:3   | Received a gift from Okawaru
 15770 | Lair:3   | Reached skill level 10 in Unarmed Combat
 15770 | Lair:3   | Reached skill level 10 in Invocations
 16282 | Lair:4   | Identified the +5 ring mail "Umatem" {SInv} (Okawaru gifted
                  | it to you on level 4 of the Lair of Beasts)
 16282 | Lair:4   | Received a gift from Okawaru
 16422 | Lair:4   | Reached XP level 14. HP: 49/108 MP: 6/27
 16726 | Lair:4   | Found a viscous altar of Jiyva.
 16726 | Lair:4   | Found a staircase to the Slime Pits.
 17685 | Lair:5   | Entered Level 5 of the Lair of Beasts
 17763 | Lair:5   | Received a gift from Okawaru
 18579 | Lair:5   | Received a gift from Okawaru
 18672 | Lair:5   | Reached skill level 10 in Fighting
 18672 | Lair:5   | Reached skill level 10 in Evocations
 18698 | Lair:5   | Received a gift from Okawaru
 18953 | Lair:5   | Received a gift from Okawaru
 18954 | Lair:5   | Reached skill level 14 in Polearms
 19252 | Lair:5   | Received a gift from Okawaru
 19776 | Lair:5   | Learned a level 4 spell: Olgreb's Toxic Radiance
 19781 | Lair:5   | Learned a level 4 spell: Iskenderun's Mystic Blast
 20077 | Orc:1    | Entered Level 1 of the Orcish Mines
 20436 | Orc:2    | Entered Level 2 of the Orcish Mines
 20796 | Orc:2    | Reached skill level 10 in Short Blades
 20796 | Orc:2    | Reached skill level 10 in Long Blades
 20796 | Orc:2    | Reached skill level 10 in Axes
 20796 | Orc:2    | Reached skill level 10 in Maces & Flails
 20796 | Orc:2    | Reached skill level 10 in Staves
 20796 | Orc:2    | Reached skill level 10 in Ranged Weapons
 20796 | Orc:2    | Reached skill level 10 in Throwing
 20796 | Orc:2    | Reached skill level 10 in Armour
 20796 | Orc:2    | Reached skill level 10 in Dodging
 20796 | Orc:2    | Reached skill level 10 in Stealth
 20796 | Orc:2    | Reached skill level 10 in Shields
 20796 | Orc:2    | Reached skill level 10 in Spellcasting
 20859 | Orc:2    | Found Xezac's Antique Armour Shoppe.
 20923 | Orc:2    | Reached XP level 15. HP: 104/117 MP: 16/29
 20959 | Orc:2    | Received a gift from Okawaru
 21009 | Orc:2    | Reached ****** piety under Okawaru
 21029 | Orc:2    | Received a gift from Okawaru
 21304 | Orc:2    | Found Qigetyqe's Jewellery Shoppe.
 21308 | Orc:2    | Found Kaul's Jewellery Boutique.
 21319 | Orc:2    | Found Limyduv's Book Emporium.
 21342 | Orc:2    | Bought the amulet "Vikkuyg" {Fragile rPois Will+++ Regen+}
                  | for 699 gold pieces
 21353 | Orc:2    | Bought the ring of Descent {+Blink rF+ MP+9 Str+2 Dex+2}
                  | for 592 gold pieces
 21366 | Orc:2    | Bought a runed helmet for 255 gold pieces
 21544 | Orc:2    | Found Bajeorab's Armour Shop.
 21553 | Orc:2    | Found a staircase to the Elven Halls.
 22295 | Swamp:1  | Entered Level 1 of the Swamp
 22300 | Swamp:1  | Received a gift from Okawaru
 22510 | Snake:1  | Entered Level 1 of the Snake Pit
 22875 | D:12     | Received a gift from Okawaru
 23175 | D:12     | Found Asehaita's Antique Armour Shoppe.
 23401 | D:13     | Found a gate to the Vaults.
 23989 | D:13     | Found a large runed translucent door.
 23989 | D:13     | Found a large runed translucent door.
 23990 | D:13     | Noticed Duoren's ghost (journeyman HOMo)
 24311 | D:13     | Killed Duoren's ghost
 24319 | D:13     | Identified the ring of Nara Nua {Fly rElec rC- AC+4 Int+3}
 24603 | D:14     | Identified the +0 helmet of Baldness {*Slow rElec Will+}
                  | (Okawaru gifted it to you on level 14 of the Dungeon)
 24603 | D:14     | Received a gift from Okawaru
 24828 | D:14     | Found a white marble altar of Elyvilon.
 25238 | D:14     | Reached XP level 16. HP: 107/125 MP: 30/30
 25450 | D:15     | Entered Level 15 of the Dungeon
 25894 | D:15     | Found a radiant altar of Vehumet.
 25895 | D:15     | Noticed Kirke
 25903 | D:15     | Noticed Azrael
 25905 | D:15     | Noticed a sphinx
 25995 | D:14     | Upgraded the game from 0.30.0-29-ga12c61a403 to
                  | 0.30.0-30-g96aa6591b8
 26541 | Snake:1  | Received a gift from Okawaru
 26638 | Snake:1  | Found a stormy altar of Qazlal.
 26709 | Snake:1  | Reached skill level 15 in Polearms
 27686 | Snake:1  | HP: 6/127 [constriction (5)]
 27853 | Snake:2  | Received a gift from Okawaru
 28348 | Snake:2  | Noticed a nagaraja
 28355 | Snake:2  | Killed a nagaraja
 28893 | Snake:3  | Noticed Aizul
 29148 | Snake:3  | Killed Aizul
 29149 | Snake:3  | Reached XP level 17. HP: 46/133 MP: 26/32
 29253 | Snake:3  | Identified the +8 halberd "Yxzyttuv" {freeze, Int+4}
                  | (Okawaru gifted it to you on level 3 of the Snake Pit)
 29253 | Snake:3  | Received a gift from Okawaru
 29328 | Snake:3  | Noticed Agnes
 29449 | Snake:3  | Reached skill level 10 in Conjurations
 29449 | Snake:3  | Reached skill level 10 in Hexes
 29449 | Snake:3  | Reached skill level 10 in Summonings
 29449 | Snake:3  | Reached skill level 10 in Necromancy
 29449 | Snake:3  | Reached skill level 10 in Translocations
 29449 | Snake:3  | Reached skill level 10 in Transmutations
 29449 | Snake:3  | Reached skill level 10 in Fire Magic
 29449 | Snake:3  | Reached skill level 10 in Ice Magic
 29449 | Snake:3  | Reached skill level 10 in Air Magic
 29449 | Snake:3  | Reached skill level 10 in Earth Magic
 29449 | Snake:3  | Reached skill level 10 in Poison Magic
 29648 | Snake:3  | Learned a level 4 spell: Flame Wave
 29671 | Snake:3  | Killed Agnes
 29877 | Snake:3  | Identified the scarf of the Blizzard {shadows, rElec Int+4
                  | Dex-2} (Okawaru gifted it to you on level 3 of the Snake
                  | Pit)
 29877 | Snake:3  | Received a gift from Okawaru
 30169 | Snake:4  | Entered Level 4 of the Snake Pit
 30228 | Snake:4  | Found a transporter.
 30230 | Snake:4  | Identified the +8 morningstar of Kyn Iffyza {flame, rElec
                  | Str+3}
 30309 | Snake:4  | Found a transporter.
 30311 | Snake:4  | Found a transporter.
 30436 | Snake:4  | Found Emacobeu's Antique Weapon Boutique.
 30473 | Snake:4  | Found a transporter.
 30473 | Snake:4  | Found a transporter.
 30473 | Snake:4  | Found a transporter.
 30893 | Snake:4  | Bought a bone flail for 314 gold pieces
 30893 | Snake:4  | Identified the +4 flail of Kismet {pain, rF+ SInv} (You
                  | bought it in a shop on level 4 of the Snake Pit)
 31675 | Snake:4  | Received a gift from Okawaru
 31845 | Snake:4  | Identified the +0 helmet "Cayd" {rF++ Regen+ Int-5 Dex+3}
                  | (Okawaru gifted it to you on level 4 of the Snake Pit)
 31845 | Snake:4  | Received a gift from Okawaru
 31912 | Snake:4  | Reached XP level 18. HP: 128/142 MP: 18/34
 31942 | Snake:4  | Got a serpentine rune of Zot
 32402 | Swamp:1  | Reached skill level 16 in Polearms
 32442 | Swamp:1  | Found a runed translucent gate.
 32442 | Swamp:1  | Found a runed translucent gate.
 32442 | Swamp:1  | Found a runed translucent gate.
 32442 | Swamp:1  | Noticed tectoner's ghost (journeyman TrBe)
 32581 | Swamp:1  | You are sucked into a shaft and drop 1 floor!
 33605 | Swamp:3  | Received a gift from Okawaru
 33778 | Swamp:3  | Received a gift from Okawaru
 34126 | Swamp:4  | Entered Level 4 of the Swamp
 34186 | Swamp:4  | Received a gift from Okawaru
 34455 | Swamp:4  | Noticed a tentacled monstrosity
 34470 | Swamp:4  | Killed a tentacled monstrosity
 34518 | Swamp:4  | Noticed the 27-headed Lernaean hydra
 34535 | Swamp:4  | Killed the 27-headed Lernaean hydra
 34541 | Swamp:4  | Reached XP level 19. HP: 46/150 MP: 18/36
 34740 | Swamp:4  | Got a decaying rune of Zot
 35148 | Elf:1    | Entered Level 1 of the Elven Halls
 35324 | Elf:1    | Paralysed by an air elemental for 1 turns
 35410 | Elf:1    | Found Civyfohu's Distillery.
 35413 | Elf:1    | Bought a potion of heal wounds for 80 gold pieces
 35413 | Elf:1    | Bought a potion of heal wounds for 80 gold pieces
 35463 | Elf:1    | Received a gift from Okawaru
 35608 | Elf:1    | Received a gift from Okawaru
 35665 | Elf:1    | Found a runed translucent door.
 35665 | Elf:1    | Noticed purpleHaze's ghost (adept TrEE)
 36397 | Elf:2    | Found Sutour's Antique Armour Shoppe.
 36409 | Elf:2    | Received a gift from Okawaru
 36507 | Elf:2    | Found a runed translucent gate.
 36507 | Elf:2    | Found a runed translucent gate.
 36507 | Elf:2    | Found a runed translucent gate.
 36572 | Elf:2    | Reached skill level 15 in Invocations
 36604 | Elf:2    | Identified the +4 longbow of the Hills {antimagic, rC+ rN+
                  | Will-} (Okawaru gifted it to you on level 2 of the Elven
                  | Halls)
 36604 | Elf:2    | Received a gift from Okawaru
 36657 | Elf:2    | Found a shimmering blue altar of Sif Muna.
 36735 | Elf:2    | Learned a level 5 spell: Irradiate
 36741 | Elf:2    | Learned a level 5 spell: Iskenderun's Battlesphere
 36810 | Elf:2    | Found Tucavvytzi's Magic Scroll Boutique.
 36995 | Elf:2    | Found Fufeita's Distillery.
 37006 | Elf:2    | Bought a potion of heal wounds for 55 gold pieces
 37006 | Elf:2    | Bought a potion of haste for 110 gold pieces
 37136 | Elf:2    | Slain by a +2 scimitar of electrocution

Illustrated notes

Levels and vault maps discovered:
D:1:      dpeg_arrival_erosion, layout_loops_ring, minmay_crystal_water
D:2:      layout_loops_ring, amcnicky_mini_rare_corridor_liquid
D:3:      layout_loops_corners, uniq_natasha, uniq_jessica
D:4:      layout_basic
D:5:      layout_loops_cross, kennysheep_generic_room_11
D:6:      layout_basic, mainiacjoe_overflow_big_doors
D:7:      layout_basic, nicolae_gozag_zags_fifth_avenue,
          minmay_temple_entry_butterflies, minmay_crystal_room
D:8:      layout_cave_pods, minmay_shop_grid_forest, uniq_maurice, uniq_maggie,
          uniq_joseph
D:9:      layout_basic, serial_bayou_lake_a
D:10:     layout_loops_ring, david_orc_3, serial_shops, nicolae_diamond_shop,
          chequers_serial_rivers_large_b, minmay_misc_feat_diagonals,
          nrook_uturn, nicolae_nh_ransacked_shop
D:11:     layout_basic, grunt_lair_entry_orc_guard_hut,
          nicolae_trove_entry_free_sample, uniq_nergalle
D:12:     layout_rooms, serial_shops, shop
D:13:     layout_loops_ring, erik_vaults_1, serial_rivers,
          chequers_serial_rivers_micro_a, chequers_serial_rivers_micro_a,
          chequers_serial_rivers_marsh, chequers_serial_rivers_room_a,
          ebering_ghost_disaster_area
D:14:     layout_loops_cross, elyvilon_altar_1
D:15:     grunt_enter_depths_magical_seal, layout_loops_ring,
          chequers_mini_garden, corexii_corridor_pit,
          nicolae_vehumet_altar_sigil, uniq_kirke, uniq_azrael
Lair:1:   layout_roguey, serial_forest, infiniplex_forest_straight_1,
          infiniplex_forest_end_2, infiniplex_forest_clump_C,
          infiniplex_forest_fountain, infiniplex_forest_straight_5,
          infiniplex_forest_clump_small, infiniplex_forest_lined_1,
          infiniplex_forest_clump_medium, fungi_pond_lemuel,
          eino_small_chamber_without_monster
Lair:2:   kb_forest_paths, layout_big_grid, skrybe_swamp_entry_bodies,
          nicolae_snake_entry_squirm
Lair:3:   layout_regular_city, cheibrodos_lair_lostbears
Lair:4:   layout_loops_ring, slime_entry_1, beast_lair_carwin_1,
          serial_bayou_shore_a, grunt_megastairs_5
Lair:5:   evilmike_catoblepas_cave, layout_cave_pods
Swamp:1:  layout_falls_marsh, ebering_ghost_rock_garden,
          evilmike_swamp_ruin_house_2
Swamp:2:  layout_falls_marsh, nicolae_swamp_oxbows
Swamp:3:  layout_basic_swamp, nicolae_swamp_well_well_well
Swamp:4:  swamp_alternative, layout_basic_swamp
Snake:1:  layout_layer_cave, basic_altar
Snake:2:  layout_honeycomb
Snake:3:  layout_rooms, grunt_megastairs_3, uniq_agnes, uniq_aizul
Snake:4:  snake_pit_salamanders_mu, layout_rooms, serial_shops, shop,
          serial_nicolae_subway, nicolae_sub_station_metal,
          nicolae_sub_station_crystal, nicolae_sub_station_stone
Orc:1:    layout_caves
Orc:2:    st_orc_open, layout_diamond_mine, serial_shops, shop
Elf:1:    minmay_elf_arrival_summoners, layout_onion_city,
          gammafunk_ghost_grave, serial_shops,
          nicolae_shop_tiny_real_fake_doors,
          hangedman_elven_crosses_minicolossus
Elf:2:    elven_hall_of_blades_hangedman_original [mumra_blade_entry_bloodbath],
          layout_geoelf_octagon, serial_shops, nicolae_square_shop,
          nicolae_shop_rolled_up, nicolae_shop_tiny_glass, lemuel_statue_altar

Skill      XL: |  1  2  3  4  5  6  7  8  9 10 11 12 13 14 15 16 17 18 19 |
---------------+----------------------------------------------------------+-----
Polearms       | 11 12 13 14 15 16 | 16.9
Short Blades   | 1 2 3 5 6 7 8 9 10 11 12 13 | 13.7
Long Blades    | 1 2 3 5 6 7 8 9 10 11 12 13 | 13.7
Axes           | 1 2 3 5 6 7 8 9 10 11 12 13 | 13.7
Maces & Flails | 1 2 3 5 6 7 8 9 10 11 12 13 | 13.7
Staves         | 1 2 3 5 6 7 8 9 10 11 12 13 | 13.7
Ranged Weapons | 1 2 3 5 6 7 8 9 10 11 12 13 | 13.7
Throwing       | 1 2 3 5 6 7 8 9 10 11 12 13 | 13.7
Armour         | 1 2 3 5 6 7 8 9 10 11 12 13 | 13.7
Dodging        | 1 2 3 5 6 7 8 9 10 11 12 13 | 13.7
Stealth        | 1 2 3 5 6 7 8 9 10 11 12 13 | 13.7
Shields        | 1 2 3 5 6 7 8 9 10 11 12 13 | 13.7
Spellcasting   | 1 2 3 5 6 7 8 9 10 11 12 13 | 13.7
Conjurations   | 1 2 3 4 5 6 7 8 9 10 11 | 11.7
Hexes          | 1 2 3 4 5 6 7 8 9 10 11 | 11.7
Summonings     | 1 2 3 4 5 6 7 8 9 10 11 | 11.7
Necromancy     | 1 2 3 4 5 6 7 8 9 10 11 | 11.7
Translocations | 1 2 3 4 5 6 7 8 9 10 11 | 11.7
Transmutations | 1 2 3 4 5 6 7 8 9 10 11 | 11.7
Fire Magic     | 1 2 3 4 5 6 7 8 9 10 11 | 11.7
Ice Magic      | 1 2 3 4 5 6 7 8 9 10 11 | 11.7
Air Magic      | 1 2 3 4 5 6 7 8 9 10 11 | 11.7
Earth Magic    | 1 2 3 4 5 6 7 8 9 10 11 | 11.7
Poison Magic   | 1 2 3 4 5 6 7 8 9 10 11 | 11.7
Invocations    | 3 4 5 6 7 8 9 10 11 12 13 14 15 | 15.1
Fighting       | 3 4 5 6 7 8 9 10 11 12 13 14 | 14.0
Evocations     | 3 4 5 6 7 8 9 10 11 12 13 14 | 14.0
Unarmed Combat | 5 6 7 8 9 10 11 12 13 14 | 14.4

Action                     |  1- 3 |  4- 6 |  7- 9 | 10-12 | 13-15 | 16-18 | 19-21 || total
---------------------------+-------+-------+-------+-------+-------+-------+-------++-------
  Melee: Spear             |   108 |   136 |    58 |       |       |       |       ||   302
         Bite              |     3 |     8 |    33 |   154 |   343 |   261 |    52 ||   854
         Punch             |     2 |     3 |     4 |    75 |       |       |       ||    84
         Halberd           |       |       |   312 |       |       |       |       ||   312
         Dagger            |       |       |    52 |   987 |  1876 |    60 |       ||  2975
         Morningstar       |       |       |       |       |    36 |   847 |   374 ||  1257
         Long sword        |       |       |       |       |    58 |   804 |       ||   862
  Throw: Dart              |     4 |    19 |    23 |    36 |    15 |     4 |       ||   101
         Javelin           |     1 |    10 |    15 |    12 |    47 |    78 |    27 ||   190
         Throwing net      |       |     2 |     1 |       |       |       |       ||     3
         Boomerang         |       |       |    24 |    67 |   236 |    66 |     8 ||   401
   Cast: Dazzling Flash    |       |       |       |       |    29 |    12 |     1 ||    42
         Olgreb's Toxic Ra |       |       |       |       |    24 |     6 |     5 ||    35
         Iskenderun's Myst |       |       |       |       |     9 |    10 |       ||    19
         Flame Wave        |       |       |       |       |       |    27 |     8 ||    35
         Iskenderun's Batt |       |       |       |       |       |       |     1 ||     1
 Invoke: Heroism           |       |       |     1 |    10 |    10 |    22 |     5 ||    48
         Finesse           |       |       |       |     2 |       |     2 |       ||     4
  Evoke: Wand              |       |     7 |    23 |     6 |     8 |    13 |     1 ||    58
         Lightning rod     |       |       |       |     9 |    20 |    11 |     2 ||    42
    Use: Scroll            |       |     2 |     1 |    23 |     5 |     8 |       ||    39
         Potion            |       |       |       |       |     1 |     9 |     1 ||    11
   Stab: Sleeping          |     6 |       |     1 |     8 |    13 |    19 |     5 ||    52
         Distracted        |       |       |       |     1 |     3 |     2 |     2 ||     8
         Paralysed         |       |       |       |     1 |       |       |       ||     1
         Petrifying        |       |       |       |     1 |     3 |       |       ||     4
         Invisible         |       |       |       |       |    36 |    14 |     3 ||    53
         Petrified         |       |       |       |       |     3 |       |       ||     3
         Confused          |       |       |       |       |       |     1 |       ||     1
 Armour: Robe              |     8 |       |       |       |       |       |       ||     8
         Ring mail         |     1 |     3 |       |       |   237 |   626 |   139 ||  1006
         Chain mail        |       |    25 |   155 |       |       |       |       ||   180
         Acid dragon scale |       |       |     2 |   136 |    66 |       |       ||   204
  Dodge: Dodged            |    20 |    40 |   185 |   325 |   718 |  1242 |   274 ||  2804
  Block: Buckler           |       |       |       |     4 |   225 |       |       ||   229
         Tower shield      |       |       |       |       |   411 |  2051 |   410 ||  2872
